Cogmind - Beta 17 @@@ ROGUE MODE // 2026.07.31 @ 16:58:07 Player: Mechanikum Result: Destroyed by G-47 Trooper with Particle Gun Performance ------------- Evolutions (0) 0 Regions Visited (1) 200 Robots Destroyed (25) 125 Value Destroyed (493) 493 Prototype IDs (2) 40 Alien Tech Used (0) 0 Bonus (0) 0 TOTAL SCORE: 858 Bonus ------- None Cogmind --------- Core Integrity 0/250 Matter 300/300 Energy 250/250 System Corruption 0% Temperature Cool (15) Movement Treading (320) Ox2 Location -10/Materials Parts ------- > --- POWER (1) -------- Ion Engine > --- PROPULSION (2) --- Light Treads Light Treads > --- UTILITY (2) ------ Improved Heat Sink Huge Storage Unit > --- WEAPON (2) ------- Light Assault Rifle > --- INVENTORY (25) --- Ion Engine Ion Engine Light Ion Engine Light Treads Light Treads Hacking Suite Hacking Suite Small Laser Peak State ------------ > --- POWER ------------ Light Ion Engine > --- PROPULSION ------- Light Treads Light Treads > --- UTILITY ---------- Improved Heat Sink Huge Storage Unit > --- WEAPON ----------- Light Assault Rifle Light Assault Rifle > --- INVENTORY -------- Ion Engine Ion Engine Light Ion Engine Light Ion Engine Light Treads Light Treads Hacking Suite Small Laser [Rating: 10] Favorites ----------- Power Light Ion Engine Engine Light Ion Engine Propulsion Light Treads Treads Light Treads Utility Huge Storage Unit Device Improved Heat Sink Storage Huge Storage Unit Weapon Light Assault Rifle Energy Gun Medium Laser Ballistic Gun Light Assault Rifle Build | -11 -10 ------- Run | Yrd Mat Slots Evolved . | . . Power . | . . Propulsion . | . . Utility . | . . Weapon . | . . Parts Attached 16 | 7 9 Power 3 | 2 1 Engine 3 | 2 1 Core . | . . Reactor . | . . Propulsion 4 | 2 2 Treads 4 | 2 2 Leg . | . . Wheel . | . . Hover . | . . Flight . | . . Utility 3 | 1 2 Device 1 | . 1 Storage 2 | 1 1 Processor . | . . Hackware . | . . Protection . | . . Artifact . | . . Weapon 6 | 2 4 Energy Gun 2 | 1 1 Energy Cannon . | . . Ballistic Gun 4 | 1 3 Ballistic Cannon . | . . Launcher . | . . Special Weapon . | . . Impact Weapon . | . . Slashing Weapon . | . . Piercing Weapon . | . . Special Melee Weapon . | . . Unidentified Prototypes . | . . Parts Lost 6 | . 6 Power 2 | . 2 Propulsion 1 | . 1 Utility . | . . Weapon 3 | . 3 Highest Loss Streak 4 | . 4 To Critical Strikes . | . . Average Backups 6 | 1 7 Power 3 | . 3 Propulsion 1 | . 1 Utility 1 | . 1 Weapon 1 | . 1 Tool/Special . | . . Unused Backups 10 | . 10 Power 5 | . 5 Propulsion 1 | . 1 Utility 2 | . 2 Weapon 2 | . 2 Tool/Special . | . . Average Slot Usage (%) 92 | . 92 Engine 13 | . 13 Treads 25 | . 25 Device 7 | . 7 Storage 16 | . 16 Energy Gun 2 | . 2 Ballistic Gun 24 | . 24 Peak Build Rating 10 | 6 10 Average Rating 8 | 4 8 On Entrance 3 | . 6 Avg Prop Armor Cover (%) . | . . Naked Turns . | . . Heaviest Build 94 | 14 94 Greatest Support 40 | 40 40 Greatest Overweight (x) 4 | 1 4 Average Overweight (x) 1 | . 1 Largest Inventory Capacity 25 | 8 25 Average Capacity 20 | 7 20 Most Carried 9 | 2 9 Average Carried 6 | 1 7 Final Capacity 25 | 8 25 Final Carried 8 | 2 8 Class Distribution -------------------- 57% | Mutant 42% | Scavenger-Mutant Dominant Class ---------------- Mutant | -10/Materials Resources | -11 -10 ----------- Run | Yrd Mat Matter Collected 665 | 211 454 Remotely . | . . Salvage Created 808 | . 808 Parts 45 | . 45 Haulers Intercepted 2 | . 2 Recyclers Shooed 1 | . 1 Parts Field Recycled . | . . Retrieved Matter . | . . Parts Self-Destructed . | . . Prevented . | . . Parts Restored . | . . Kills | -11 -10 ------- Run | Yrd Mat Combat Hostiles Destroyed 14 | . 14 Guns 14 | . 14 Classes Destroyed 8 | . 8 Worker 2 | . 2 Builder 1 | . 1 Hauler 2 | . 2 Recycler 2 | . 2 Operator 3 | . 3 Watcher 1 | . 1 Swarmer 4 | . 4 Grunt 10 | . 10 Best Kill Streak 5 | . 5 Combat Bots Only 4 | . 4 Max Kills in Single Turn 1 | . 1 Gunslinging . | . . Exploded . | . . Melee . | . . Uniques/NPCs Destroyed . | . . Combat | -11 -10 -------- Run | Yrd Mat Hostile Shots Fired 128 | . 128 Missed 36 | . 36 Hits 92 | . 92 Projectile 92 | . 92 Critical Strikes 2 | . 2 Damage Taken 1221 | . 1221 Core 260 | . 260 Absorbed by Shields . | . . Regen/Repaired (Parts) 115 | . 115 Core Remaining (%) 100 | 100 . Volleys Fired 83 | . 83 Largest 2 | . 2 Hottest 70 | . 70 Shots Fired 153 | . 153 Gun 153 | . 153 Cannon . | . . Launcher . | . . Special . | . . Kinetic 137 | . 137 Thermal 16 | . 16 Explosive . | . . Electromagnetic . | . . Robot Hit Streak 8 | . 8 Robot Miss Streak 4 | . 4 Penetration Max . | . . Secondary Targets 1 | . 1 Max Gunslinging Chain 1 | . 1 Shots Hit Robots 88 | . 88 Core Hits 47 | . 47 Critical Kills . | . . Critical Parts Destroyed . | . . Critical Strikes . | . . Melee Attacks . | . . Impact . | . . Slashing . | . . Piercing . | . . Sneak Attacks . | . . Combat Hostiles . | . . Follow-up Attacks . | . . Damage Inflicted 1111 | . 1111 Guns 1096 | . 1096 Cannons . | . . Explosions . | . . Melee . | . . Ramming 15 | . 15 Kinetic 968 | . 968 Thermal 128 | . 128 Explosive . | . . Electromagnetic . | . . Impact . | . . Slashing . | . . Piercing . | . . Highest Corruption . | . . Average Corruption . | . . Corruption Purged . | . . Corruption Blocked . | . . Overload Shots . | . . Overflow Damage . | . . Projectiles . | . . Explosions . | . . Melee . | . . Knockbacks . | . . Impact . | . . Kinetic . | . . Secondary . | . . Self-Inflicted Damage . | . . Shots . | . . Rammed 1 | . 1 Targets Rammed 2 | . 2 Kicked . | . . Crushed 1 | . 1 Highest Temperature 102 | . 102 Average Temperature 28 | . 28 Received Heat Transfer 570 | . 570 Siege Activations . | . . Martial Activations . | . . Shielding Activations . | . . Robots Disrupted . | . . Combat Hostiles . | . . Robots Corrupted . | . . Combat Hostiles . | . . Parts Fried . | . . Impact Corruptions . | . . Robots Melted . | . . Combat Hostiles . | . . Parts Melted 1 | . 1 Heat Transferred 370 | . 370 Parts Sabotaged . | . . Parts Stolen . | . . Parts Stripped . | . . Power Chain Reactions . | . . Alert | -11 -10 ------- Run | Yrd Mat Maximum Alert Level . | . . Low Security (%) 100 | 100 100 Level 1 . | . . Level 2 . | . . Level 3 . | . . Level 4 . | . . Level 5 . | . . High Security . | . . Max Security . | . . Peak Influence 142 | . 142 Initial . | . . Average 31 | . 32 Influence Increases 454 | . 454 Destroy 0b10 Robot/C 280 | . 280 Destroy 0b10 Robot/NC 55 | . 55 Destroy Leader 66 | . 66 Successful Hack 7 | . 7 Destroy Structure 1 | . 1 Lose Combat Pursuer 45 | . 45 Influence Decreases 432 | . 432 Time Decay 382 | . 382 Lost Part 50 | . 50 Squads Dispatched 3 | . 3 Investigation 1 | . 1 Extermination . | . . Reinforcement 2 | . 2 Assault . | . . Garrison . | . . Intercept . | . . Searches Triggered . | . . Construction Impeded . | . . Haulers Reinforced . | . . Active Scanning Responses . | . . Cargo Convoy Interrupts . | . . Stealth | -11 -10 --------- Run | Yrd Mat Distress Signals 4 | . 4 Communications Jammed . | . . Distress Signals . | . . Times Spotted 47 | . 47 Peak Tracking Total 7 | . 7 Tactical Retreats 2 | . 2 Traps | -11 -10 ------- Run | Yrd Mat Traps Triggered 2 | . 2 Indirectly . | . . Trap Hack Attempts . | . . Triggered . | . . Disarmed . | . . Reprogrammed . | . . Reused . | . . Traps Extracted . | . . Installed . | . . Triggered . | . . Machines | -11 -10 ---------- Run | Yrd Mat Machines Disabled . | . . Max in Single Turn . | . . Machines Repaired . | . . Machines Dismantled . | . . Machines Sabotaged . | . . Overloaded Fab Kills . | . . Hacking | -11 -10 --------- Run | Yrd Mat Machines Accessed 4 | . 4 Terminals 3 | . 3 Fabricators . | . . Repair Stations 1 | . 1 Recycling Units . | . . Scanalyzers . | . . Garrison Access . | . . Total Hacks 10 | . 10 Successful 5 | . 5 Failed 5 | . 5 Catastrophic 3 | . 3 Database Lockouts . | . . Manual 3 | . 3 Terminals 8 | . 8 Fabricators . | . . Repair Stations 2 | . 2 Recycling Units . | . . Scanalyzers . | . . Garrison Access . | . . Terminal Hacks 3 | . 3 Record 2 | . 2 Prototype ID Bank 1 | . 1 Fabricator Hacks . | . . Repair Station Hacks 2 | . 2 Scan Component 1 | . 1 Repair 1 | . 1 Recycling Unit Hacks . | . . Scanalyzer . | . . Garrison Access Hacks . | . . Unauthorized Hacks . | . . Terminals . | . . Fabricators . | . . Repair Stations . | . . Recycling Units . | . . Scanalyzers . | . . Garrison Access . | . . Data Cores Recovered 1 | . 1 Used . | . . Hacking Detections 4 | . 4 Full Trace Events . | . . Feedback Events . | . . Feedback Blocked . | . . Robot Schematics Acquired . | . . Robots Built . | . . Authchips . | . . Time . | . . Total Robot Build Rating . | . . Part Schematics Acquired . | . . Parts Built . | . . Authchips . | . . Time . | . . Total Part Build Rating . | . . Part Studies Acquired . | . . Parts Repaired 1 | . 1 Time 26 | . 26 Parts Recycled . | . . Recycled Matter . | . . Retrieved Matter . | . . Retrieved Components . | . . Parts Scanalyzed . | . . Part Schematics Acquired . | . . Parts Damaged . | . . Bothacking | -11 -10 ------------ Run | Yrd Mat Used RIF Installer . | . . Robots Hacked . | . . Non-combat . | . . Combat . | . . Robot Hacks Applied . | . . Relay Couplers Released . | . . Fabnet Peak Effective % . | . . Robots Rewired . | . . Allies Hacked . | . . Hacks Repelled . | . . Allies | -11 -10 -------- Run | Yrd Mat Total Allies . | . . Largest Group . | . . Highest-Rated Group . | . . Highest-Rated Ally . | . . Total Orders . | . . Ally Attacks . | . . Total Damage . | . . Kills . | . . Allies Corrupted . | . . Allies Melted . | . . Intel | -11 -10 ------- Run | Yrd Mat Active Infowar (turns) . | . . Robot Analysis Total . | . . Derelict Logs Recovered . | . . Drone Launches . | . . Drone Recoveries . | . . Exploration | -11 -10 ------------- Run | Yrd Mat Turns Passed 1767 | 77 1690 Spaces Moved 557 | 47 510 Core 9 | 9 . Treads 548 | 38 510 Legs . | . . Wheels . | . . Hover . | . . Flight . | . . Fastest Speed 50 | 50 160 Average Speed 263 | 142 274 Slowest Speed 480 | 160 480 Overloaded Moves . | . . Propulsion Burnouts . | . . Robots Hopped . | . . Potential Cave-ins . | . . Cave-ins Triggered . | . . Exploration Rate (%) 34 | 4 65 Regions Visited 1 Branch Regions . Pre-discovered Areas . | . . Known Exits Taken . | . . Unknown Exits Taken 1 | 1 . Scrap Searched . | . . Spaces Dug . | . . Terrain Destroyed . | . . Melee . | . . Projectile . | . . AOE . | . . Terrain Rammed . | . . Walls Destroyed . | . . Machines Disabled . | . . Actions | -11 -10 --------- Run | Yrd Mat Total 706 | 54 652 Wait 29 | . 29 Move 556 | 46 510 Hop . | . . Pick Up 12 | 1 11 Fast Attach 11 | 6 5 Attach 2 | . 2 Detach . | . . Swap 6 | 1 5 Drop 5 | . 5 Fire 83 | . 83 Melee . | . . Ram . | . . Kick . | . . Crush 2 | . 2 Escape Stasis . | . . Rewire . | . . Trap . | . . Miscellaneous . | . . Route ------- -11/Scrapyard -10/Materials (discovered 3 exits: [*Mat x3]) History --------- Turn | Location | Event 45 | -11/Scrapyard | Discovered new exit (range 15) 78 | -11/Scrapyard | Entered Materials 307 | -10/Materials | Build established: Mutant 383 | -10/Materials | Discovered new exit (range 16) 527 | -10/Materials | Discovered new exit (range 10) 600 | -10/Materials | Repaired Lgt. Treads 776 | -10/Materials | Core integrity fell below 50% 802 | -10/Materials | Lost 4 parts (1p1n2w) 935 | -10/Materials | Discovered new exit (range 16) 1322 | -10/Materials | Build established: Scavenger-Mutant 1620 | -10/Materials | Core integrity fell below 20% 1768 | -10/Materials | Destroyed by G-47 Trooper with Particle Gun Last Messages --------------- Triggered Explosive Trap. An explosion rips through the floor. U-05 Engineer lays Concrete. U-05 Engineer builds a Door. U-05 Engineer lays Concrete. U-05 Engineer builds a Wall. W-16 Scout destroyed. W-16 Scout sends out distress signal. Atomic Centrifuge disabled. Lgt. Ion Engine destroyed. Critical hit (Burn: +37). G-34 Mercenary destroyed. G-47 Trooper destroyed. Acquired 17 matter. Acquired Ion Engine. Acquired 10 matter. W-16 Scout sends out distress signal. Crushed R-06 Scavenger. R-06 Scavenger destroyed. Lgt. Assault Rifle destroyed. Map ----- +----------------------------------------------------+ | ?????????????????????????????????????????????? | | ?????????????????????????????????????????????? | | ?????????????????????????????????????????????? | | ?????????????????????????????????????????????? | | ?????????????????????????????????????????????? | | ?????????????????????????????????????????????? | | ?????????????????????????????????????????????? | | ????????????????????????????????????? < ?????? | | ????????????????????????????????????? #????? | | ????????????????????????????????????? +????? | | ?????????????????####+####??????????# #????? | | ?????????????????? #??????????# #????? | | ????????????? ???? "??????????# #????? | | ????????????? """ T??????????# #????? | | ?????????????? """ gg "??????????# #????? | | ??????????????? """ #??????????# #????? | | ??????????????# #??????????# #????? | | ??????????????# #??????????# #????? | | ??????????????# """ ############ #????? | | ??????????????# """ w #????? | | ??????????????# """ #????? | | ??????????????+ #????? | | ??????????????# ###### | | ??????????????# | | ??????????????# ############ ###### | | ??????????????+ @ #??????????# #????? | | ######??????#####+### #?????????## ##???? | | # #??????# #% #??######## = #???? | | # "" #??????# """ * # #??# =/= #???? | | # "T #??????# """ # ##?# !/ " #???? | | # "" ##?????# """ # T#?# !/ / #???? | | # #?????# # % ##?# #### * #???? | | # #???####+###### #??# #??#/#####???? | | # ##### + #??# #??#!#???????? | | # / + / # #??# #??# #???????? | | # #### # # #??# #??# #???????? | | ######### # """ """ #w #??# #??# ######### | | # # # """ """ # #?## ##?# # | | # """ # # """ """ # ### ] #?# # | | # """ # # # ### # """"" | | # """ # # =# # #[ """"" | | # # ######+#### # # """"" | | # """ # ## #### % # + | | # """ # ## ######+### # | | # """ + ## ## # # | | # ! # """ ## ## """%*%# ###+##### | | # ### """ ## ## "T =[%+ #?# #???? | | #! #?#%%= " ## # *!# #?# #???? | | #########?# ## ## = [# #?# #???? | | # ### ## ## =*%# #?# #???? | +----------------------------------------------------+ Best States ------------- Heat Dissipation 39 Energy Generation 10 Energy Capacity 250 Matter Stores 300 Matter Capacity 300 Sight Range 16 Terrain Scan Density 10 Evasion (%) 40 Recoil Reduction 2 Item Schematics ----------------- None Robot Schematics ------------------ None Fabricated ------------ Nothing Repaired ---------- Lgt. Treads | 17% | -10/Materials Studied --------- None Alien Tech Used ----------------- None Achievements -------------- None Challenges ------------ None Game ------ Seed AbsorptionCombatPenetrator Manual? 0 Play Time 00:12:26 Cumulative 6.4 hours Start 2026.07.31 @ 16:47:16 End 2026.07.31 @ 16:58:07 Sessions 1 Manual Loads 0 Difficulty Rogue Special Mode None Game No. 18 Rogue 18 Adventurer 0 Explorer 0 Win Type - Total 0 Types 0/0/0/0/0/0/0/0/0/0 Lore% 12 Gallery% 12 Achievement% 14 Wizard Run 0 Options --------- Layout 1 ASCII 0 Keyboard 0 Movement Arrows Keybinds 0 Fullscreen 2 Font 36/X11 Map View 50x40 Zoom Use 0% Tactical HUD 0 Map Filters NONE Filters NONE Steam 1 RUN: 1e65b988-8bb6-4e64-aa52-fe1301643d48